[Event "*** Titled Tuesday Blitz"]
[Site "Chess.com"]
[Date "2019.02.05"]
[Round "2"]
[White "Sebastian"]
[Black "iLuusions"]
[Result "1/2-1/2"]
[WhiteElo "2864"]
[BlackElo "2637"]
[TimeControl "180+2"]
[EndTime "13:26:01 PST"]
[Termination "Game drawn by agreement"]

1. e4 e6 2. d4 d5 3. Nc3 dxe4 4. Nxe4 Bd7 5. Nf3 Bc6 6. Bd3 Nd7 7. c3 Ngf6 8.
Nxf6+ Nxf6 9. O-O Bxf3 10. Qxf3 c6 11. Re1 Be7 12. g3 O-O 13. h4 Qd7 14. Kg2 Rfd8 15.
Bc2 a5 16. a4 h6 17. Re5 Bd6 18. Re2 Be7 19. Bd2 Qd5 20. Rae1 Rd7 21. Bc1 Qxf3+ 22. Kxf3 b5 23. g4 Nd5 24. g5 hxg5 25. hxg5 g6 26.
Bd2 Nb6 27. Ra1 Nc4 28. Bc1 Nb6 29. Be4 Nd5 30. Bd2 Rc7 31. Ree1 Raa7 32. Ra2 Nb6 33. Bf4 Rc8 34. axb5 cxb5 35. Rh1 Bf8 36. Rha1 a4 37.
Bd3 Nc4 38. Ke2 Rb7 39. Bxc4 Rxc4 40. Be5 Bg7 41. f4 Bxe5 42. fxe5 Kg7 43. Kd3 Rc8 44. Rh1 Rbb8 45. Raa1 Rh8 46. Kc2 Rh5 47. b3 axb3+ 48. Kxb3 Rxg5 49. Rh2 Rh5 50. Rg2 Rh3 51. Kb4 Rc8 52. Rc2 Rc4+ 53. Kxb5 Rcxc3 54. Rxc3 Rxc3 55. Rg1 Rc2 56. Kb4 Rc7 57. Kb5 Rc8 58. Kb4 Rc2 59. Kb3 Rc7 60. Kb4 Kh6 61. Rh1+ Kg5 62. Rf1 Kh4 63.
Kb5 g5 64. Kb6 Re7 65. Rh1+ Kg4 66. Rg1+ Kf5 67. Kc6 g4 68. Rf1+ Kg5 69. d5 exd5 70. Kxd5 g3 71. Ke4 Kg4 72. Rf4+ Kh3 73. Kf3 Ra7 74.
Rf6 Ra3+ 75. Kf4 Kg2 76. Kg4 Ra4+ 77. Kf5 Ra7 78. Kg4 Re7 79. Rf3 Rxe5 80. Rxg3+ Kh2 81.
Rh3+ Kg2 82. Rg3+ 1/2-1/2

[Event "*** Titled Tuesday Blitz"]
[Site "Chess.com"]
[Date "2019.02.05"]
[Round "2"]
[White "Frolik67"]
[Black "HajiyevKanan"]
[Result "1/2-1/2"]
[WhiteElo "2533"]
[BlackElo "2347"]
[TimeControl "180+2"]
[EndTime "13:26:04 PST"]
[Termination "Game drawn by agreement"]

1. e4 c6 2. d3 d5 3. c3 dxe4 4. dxe4 Qxd1+ 5. Kxd1 Nf6 6. f3 e5 7. Be3 Be6 8. Nd2 Nbd7 9. Kc2 Bc5 10. Re1 O-O-O 11.
Bc4 Rhe8 12. b4 Bxe3 13. Rxe3 Nb6 14. Bb3 c5 15. bxc5 Nbd7 16. c6 bxc6 17. Bxe6 Rxe6 18. Nb3 Rd6 19. c4 c5 20. Rd3 Nb6 21. Rxd6 Rxd6 22. Nd2 Nfd7 23. Ne2 Nb8 24. Kc3 Na4+ 25. Kc2 Nc6 26.
a3 Nd4+ 27. Nxd4 cxd4 28. Kd3 Nc5+ 29. Ke2 Ra6 30. Ra1 Ra4 31. Kd1 Nd3 32. Kc2 Nc5 33. Kb2 Kc7 34. Rf1 g5 35. g3 Ne6 36. Rh1 Ra6 37. h4 h6 38. hxg5 hxg5 39. Rh7 Nd8 40. Rg7 Rb6+ 41. Kc2 Ra6 42. Rxg5 Rxa3 43. Rxe5 Ra2+ 44.
Kd3 Ra3+ 45. Ke2 Re3+ 46. Kf2 Rd3 47. Nf1 Rc3 48. Rc5+ Kb6 49. Rd5 Ne6 50. Nd2 Rc2 51.
Ke2 a5 52. f4 a4 53. f5 Ng5 54.
Kd3 Rc3+ 55. Kxd4 Rxg3 56. Rb5+ Ka6 57. Kc5 Re3 58. Kb4 Nxe4 59. Nxe4 Rxe4 60. Ra5+ Kb6 61. Rd5 a3 62. Rb5+ Kc6 63. Ra5 Re3 64. Ra6+ Kb7 65.
Rxa3 Re5 66. Rf3 Kb6 67. Rf4 f6 68. Rf1 Kc6 69. Rf3 Kb6 70. Kc3 Kc5 71. Kd3 Re8 72. Rh3 Re5 73. Rh5 Re1 74. Rh6 Rd1+ 75. Ke2 Rd6 76. Rh4 Rd8 77. Re4 Rd4 78. Re6 Rxc4 79. Rxf6 Kd5 80. Ke3 Ke5 81. Rf8 Re4+ 82. Kd3 Rf4 1/2-1/2

[Event "*** Titled Tuesday Blitz"]
[Site "Chess.com"]
[Date "2019.02.05"]
[Round "2"]
[White "mousavian_hamed"]
[Black "HomayoonTofighi"]
[Result "1/2-1/2"]
[WhiteElo "2581"]
[BlackElo "2722"]
[TimeControl "180+2"]
[EndTime "13:26:12 PST"]
[Termination "Game drawn by repetition"]

1. e4 d5 2. exd5 Qxd5 3. Nc3 Qa5 4. d4 Nf6 5. Nf3 Bg4 6. h3 Bh5 7. g4 Bg6 8. Ne5 Nbd7 9. Nc4 Qa6 10. Bf4 Qe6+ 11.
Ne3 Qb6 12. Bg2 e6 13. Qd2 Bb4 14. O-O O-O 15. a3 Bd6 16. Nc4 Bxf4 17. Qxf4 Qa6 18. Ne3 c6 19. Rfe1 Nd5 20. Ncxd5 cxd5 21. h4 h5 22. gxh5 Bxh5 23. b3 Nf6 24. c4 dxc4 25. bxc4 Rad8 26. Rab1 b6 27. d5 Qxa3 28. Ra1 Qc3 29.
Rec1 Qd2 30. Rc2 Qb4 31. dxe6 fxe6 32. Rxa7 Bg6 33. Qg5 Kh7 34. Rc1 Qb2 35. Rf1 Rd7 36. Rxd7 Nxd7 37. Qe7 Qd4 38. h5 Bxh5 39. Qxe6 Ne5 40.
Qh3 g6 41. Rd1 Qf4 42. Rd2 Kg7 43. Ra2 Rf7 44. Bd5 Nf3+ 45. Kg2 Nh4+ 46. Kf1 Rf8 47. Qd7+ Kh6 48. Qe7 Nf3 49. Rc2 Ng5 50. Ng2 Qf6 51. Qxf6 Rxf6 52. c5 bxc5 53. Rxc5 Nh3 54. Rc2 Rd6 55.
Ne3 Nf4 56. Be4 Re6 57. Bd5 Rd6 58. Be4 Re6 59. Bc6 Rd6 60. Be4 Rd4 61. Bc6 Rb4 62.
f3 Rb1+ 63. Kf2 Nd3+ 64. Ke2 Nf4+ 65. Kf2 Nd3+ 66. Ke2 Nb4 67. Rc4 Rb2+ 68. Kf1 Nd3 69. Be4 Ne5 70. Rc3 Kg5 71. Bc2 Nxf3 72. Rc5+ Kf4 73.
Kf2 Ne5 74. Ng2+ Kg4 75. Ne3+ Kf4 76. Ng2+ Kg4 77. Ne3+ Kf4 78. Ng2+ 1/2-1/2

[Event "*** Titled Tuesday Blitz"]
[Site "Chess.com"]
[Date "2019.02.05"]
[Round "2"]
[White "AryanTari"]
[Black "FelixBlohberger"]
[Result "0-1"]
[WhiteElo "2828"]
[BlackElo "2649"]
[TimeControl "180+2"]
[EndTime "13:26:34 PST"]
[Termination "FelixBlohberger won by resignation"]

1. c4 e6 2. Nc3 Bb4 3. Qb3 Nc6 4. Nf3 d6 5. g3 Nf6 6. Bg2 O-O 7. O-O Bxc3 8.
Qxc3 e5 9. d3 a5 10. b3 Bg4 11.
e3 Qd7 12. Re1 Bh3 13. Bh1 h6 14. Bb2 Ng4 15. a3 f5 16. b4 axb4 17. axb4 Rxa1 18. Bxa1 f4 19. exf4 exf4 20. d4 fxg3 21. fxg3 Re8 22. b5 Rxe1+ 23. Qxe1 Nd8 24. d5 Qf7 25. Qe4 b6 26.
Bg2 Bxg2 27. Kxg2 Nf6 28. Bxf6 Qxf6 29. Nd4 Qf7 30. Nf5 Nb7 31. Ne7+ Kf8 32. Ng6+ Kg8 33. h4 Nc5 34. Qg4 Qe8 35. Nf4 Qe4+ 36. Kh2 Qc2+ 37. Kh3 Qe4 38. Kh2 Qc2+ 39. Ng2 Kh7 40. h5 Qe4 41. Nf4 Qc2+ 42. Kh3 Qe4 43. Kh4 Qh1+ 44.
Nh3 Qb1 45. Nf2 Qc2 46. Qf4 Kg8 47. Ng4 Qd3 48. Ne3 Qe4 49. Kg4 Qxf4+ 50. Kxf4 Kf7 51.
Nf5 Nd3+ 52. Ke4 Ne5 53. Ne3 Nd7 54. Kf5 Nf6 55. g4 Nd7 56. Nf1 Nc5 57. Nd2 Nd3 58.
Nf3 Nb2 59. Nd2 Nd3 60. Nf1 Ne5 61. Ne3 Ke7 62. g5 hxg5 63. Kxg5 Kf7 64. Nf5 Nxc4 65. Nd4 Ne3 66. Ne6 Nxd5 67. Nd8+ Ke7 68. Nc6+ Kf8 69.
Nd8 Nc3 70. Ne6+ Ke7 71. Nxc7 Kf7 72. Kf5 d5 73. Ke5 g6 74. h6 Kg8 75. Nxd5 Nxb5 76.
Kf6 Kh7 77. Kg5 Nd6 78. Nf6+ Kh8 79. Kxg6 b5 80. Nh7 b4 81. Nf6 b3 82. Nd5 Ne4 83. Nf4 b2 84. Ne6 b1=Q 85. Nd8 Qb6+ 86. Kf7 Qxd8 0-1

[Event "*** Titled Tuesday Blitz"]
[Site "Chess.com"]
[Date "2019.02.05"]
[Round "2"]
[White "josmito10"]
[Black "Babas"]
[Result "1-0"]
[WhiteElo "2736"]
[BlackElo "2322"]
[TimeControl "180+2"]
[EndTime "13:26:41 PST"]
[Termination "josmito10 won by resignation"]

1. b3 Nf6 2. Bb2 d5 3. Nf3 Bf5 4. e3 e6 5. Be2 h6 6. O-O Be7 7. c4 c6 8. Nc3 Bh7 9. d4 O-O 10. Bd3 Ne4 11. Qc2 f5 12. Nd2 Nd7 13. f3 Nxc3 14. Bxc3 Bf6 15. cxd5 cxd5 16. f4 Be7 17.
Nf3 Rc8 18. Qb2 Bg6 19. Rfc1 Bh5 20. Ne5 Nf6 21. a4 g5 22. Be1 Ne4 23. Rxc8 Qxc8 24. Rc1 Qd8 25. b4 Bd6 26. b5 Bxe5 27. dxe5 b6 28. Bb4 Rf7 29. Rc6 gxf4 30. exf4 Rg7 31. Be1 Bf3 32. Bf1 Qe8 33. Qb3 Qh5 34. Qe3 Qg4 35. g3 Bd1 36. Rxe6 Bxa4 37. Rxh6 Qd1 38. e6 d4 39. Qe2 Qb3 40. Bf2 Nxf2 41. Kxf2 Re7 42.
Rg6+ Kf8 43. Qe5 Qe3+ 44. Qxe3 dxe3+ 45. Kxe3 Bb3 46. Rf6+ Kg7 47. Rxf5 Rxe6+ 48. Kd4 Re1 49. Rg5+ Kf6 50. Bd3 Rh1 51. h4 Rd1 52. Kc3 Bf7 53.
Rf5+ Ke6 54. Re5+ Kf6 55. Rg5 Rc1+ 56. Kd2 Rg1 57. Ke3 Re1+ 58. Kd4 Rd1 59. Ke3 Re1+ 60. Kf2 Rd1 61. Be2 Rd2 62. Ke3 Rb2 63. h5 Rb3+ 64. Kd4 Rb2 65. Bf3 Rb3 66. Be4 Rb4+ 67. Ke3 Rb3+ 68. Kd2 Rb2+ 69. Kc3 Rh2 70. Bg6 Be6 71. Be8 Ra2 72. Rg6+ Ke7 73. Bc6 Bf7 74. Rg7 Ra3+ 75. Kd4 Kf6 76. Rg5 Ra4+ 77. Ke3 Ra3+ 78. Kf2 Ra2+ 79.
Kg1 Ra1+ 80. Kh2 Ra2+ 81. Kh3 Be6+ 82. g4 Ra4 83. Rg6+ Ke7 84. Kg3 Ra3+ 85. Kh4 Ra1 86.
Kg5 Bf7 87. Rg7 Re1 88. Bd5 1-0

[Event "*** Titled Tuesday Blitz"]
[Site "Chess.com"]
[Date "2019.02.05"]
[Round "2"]
[White "Karina_Oparina"]
[Black "saraswathii"]
[Result "1-0"]
[WhiteElo "2209"]
[BlackElo "2255"]
[TimeControl "180+2"]
[EndTime "13:27:17 PST"]
[Termination "Karina_Oparina won by resignation"]

1. Nf3 Nf6 2. g3 g6 3. Bg2 Bg7 4. O-O d6 5. c4 O-O 6. Nc3 e5 7. d4 Nbd7 8. e4 exd4 9. Nxd4 Re8 10. Be3 Nc5 11. f3 Ne6 12. Nxe6 Bxe6 13. b3 Qe7 14. Rc1 c6 15. Qd2 b6 16. Rfd1 Rad8 17. Ne2 d5 18. cxd5 cxd5 19. e5 Nd7 20. f4 f6 21. exf6 Nxf6 22. Nd4 Bg4 23. Re1 Ne4 24. Qd3 Rc8 25. h3 Bd7 26. Bf2 Qb4 27. Nf3 Qb5 28. Qxb5 Bxb5 29.
Rxc8 Rxc8 30. Bd4 Rc2 31. Bxg7 Kxg7 32. Nd4 Rxa2 33. Nxb5 Nxg3 34. Re7+ Kh6 35. Rxa7 Rxa7 36.
Nxa7 Ne2+ 37. Kf2 Nxf4 38. Nc8 b5 39. Nd6 b4 40. Kg3 Ne2+ 41. Kf2 Nf4 42. Nb5 Kg5 43. Kg3 Ne2+ 44. Kf3 Nf4 45. Nd4 Nd3 46. Kg3 Kf6 47. Bf1 Nc5 48. Kf4 g5+ 49. Ke3 h5 50.
Be2 g4 51. hxg4 hxg4 52. Bxg4 Ke5 53. Bd1 Na6 54. Bc2 Kd6 55. Nf5+ Ke5 56. Nd4 Nb8 57. Bd3 Kd6 58. Bb5 Kc5 59. Kd3 Kd6 60. Nc2 Kc5 61.
Nd4 Kd6 62. Be8 Na6 63. Nf5+ Ke5 64. Nd4 Nc5+ 65. Ke3 Kd6 66. Bg6 Ke5 67. Bc2 Kd6 68. Ne2 Ke5 69. Nd4 Kd6 70. Nf3 Ne6 71. Kd3 Nf4+ 72.
Kd2 Kc5 73. Ne5 Kd4 74. Nd3 Nxd3 75. Bxd3 Kc5 76. Ke3 d4+ 77. Ke4 Kb6 78. Kxd4 Kb7 79. Kc5 Kb8 80. Kxb4 Kc7 81. Kc5 Kb8 82. b4 Kc7 83. b5 Kb8 84. Kb6 Ka8 85. Kc7 1-0

[Event "*** Titled Tuesday Blitz"]
[Site "Chess.com"]
[Date "2019.02.05"]
[Round "2"]
[White "dmosesov"]
[Black "RoelandPruijssers"]
[Result "1/2-1/2"]
[WhiteElo "2356"]
[BlackElo "2453"]
[TimeControl "180+2"]
[EndTime "13:27:23 PST"]
[Termination "Game drawn by repetition"]

1. e4 e5 2. Nf3 Nc6 3. Bc4 Bc5 4. O-O Nf6 5. d3 a6 6. a3 O-O 7. Nc3 h6 8. Nd5 d6 9. b4 Ba7 10. Be3 Bg4 11. h3 Bh5 12. Nxf6+ Qxf6 13. g4 Bxe3 14. fxe3 Bg6 15. g5 Qe7 16. gxh6 gxh6 17. Kh2 Kh7 18. Qe1 f5 19. Nh4 fxe4 20. Nxg6 Kxg6 21. Qg3+ Qg5 22. dxe4 Qxg3+ 23. Kxg3 Ne7 24. h4 Ng8 25. Be6 Nf6 26. Bf5+ Kf7 27. Kh3 Ke7 28. Rg1 Rg8 29.
c4 Rxg1 30. Rxg1 Rg8 31. Rxg8 Nxg8 32. Bc8 b6 33. Bxa6 Nf6 34. Bb7 c5 35. Kg3 Kd7 36.
Bd5 Kc7 37. Kf3 Kb8 38. Kg3 cxb4 39. axb4 Ka7 40. b5 Kb8 41. Kf3 Kc7 42. Kg3 Kd8 43.
Kf3 Ke7 44. Kg3 Kf8 45. Kf3 Kg7 46. Kg3 Kg6 47. Kf3 Nd7 48. Kg4 Nc5 49. Kf3 Nb3 50. Kg4 Nd2 51. h5+ Kf6 52. Kh4 Nf3+ 53. Kg3 Ne1 54. Kg4 Nc2 55. Kf3 Kg5 56. Bf7 Kh4 57.
Bg6 Nb4 58. Bf7 Nd3 59. Bg6 Nc5 60. Bf7 Nd7 61. Bg6 Nf6 62. Kg2 Nxh5 63. Bf7 Nf6 64.
Bg6 Kg5 65. Bf5 h5 66. Kg3 Ng4 67. Kf3 Nh6 68. Be6 Kh4 69. Bf5 Nf7 70. Kg2 Ng5 71.
Bg6 Ne6 72. Bf5 Nc5 73. Kf3 Na4 74. Be6 Kg5 75. Bh3 h4 76. Be6 Nb2 77. Kg2 Nd1 78.
Kf3 Nc3 79. Bf5 Na4 80. Be6 Nb2 81. Kg2 Kf6 82. Bd5 Nd1 83. Kf3 h3 84. Bc6 Nxe3 85. Kg3 Nxc4 86. Kxh3 Kg5 87. Kg3 Nd2 88. Bd5 Nb1 89.
Bc6 Nc3 90. Kf3 Kh4 91. Bd7 Nb1 92. Bc6 Nd2+ 93. Ke3 Nc4+ 94. Kd3 Na5 95. Ke3 Kg3 96. Bd5 Kg2 97. Ke2 Kg3 98. Ke3 Kg4 99. Kf2 Kf4 100.
Ke2 Kg3 101. Ke3 Kg2 102. Ke2 Kg1 103. Ke1 Kg2 104. Ke2 Kg3 105. Ke3 1/2-1/2

[Event "*** Titled Tuesday Blitz"]
[Site "Chess.com"]
[Date "2019.02.05"]
[Round "3"]
[White "LucaBrasi1968"]
[Black "Al_Shima"]
[Result "1/2-1/2"]
[WhiteElo "2479"]
[BlackElo "2508"]
[TimeControl "180+2"]
[EndTime "13:29:47 PST"]
[Termination "Game drawn by agreement"]

1. d4 Nf6 2. Nf3 e6 3. Bg5 h6 4. Bh4 Be7 5. c3 c5 6. e3 Qb6 7. Qb3 Qxb3 8. axb3 Nc6 9. Nbd2 d6 10. Bd3 Bd7 11. h3 O-O 12. Bg3 Rfd8 13. O-O a6 14. Rfd1 d5 15. Ne5 Nxe5 16. Bxe5 1/2-1/2

[Event "*** Titled Tuesday Blitz"]
[Site "Chess.com"]
[Date "2019.02.05"]
[Round "3"]
[White "BillForster"]
[Black "wonderfultime"]
[Result "0-1"]
[WhiteElo "1711"]
[BlackElo "2880"]
[TimeControl "180+2"]
[EndTime "13:30:03 PST"]
[Termination "wonderfultime won by resignation"]

1. d4 d5 2. c4 c6 3. Nf3 Nf6 4. Nc3 a6 5. e3 Bf5 6. Nh4 Bg4 7. f3 Be6 8. c5 g5 9. Qb3 Ra7 10. e4 gxh4 11. Bf4 dxe4 0-1

[Event "*** Titled Tuesday Blitz"]
[Site "Chess.com"]
[Date "2019.02.05"]
[Round "3"]
[White "NMJeevanK"]
[Black "ENEASZ"]
[Result "0-1"]
[WhiteElo "2317"]
[BlackElo "2387"]
[TimeControl "180+2"]
[EndTime "13:30:49 PST"]
[Termination "ENEASZ won by resignation"]

1. e4 d6 2. d4 Nf6 3. Bd3 e5 4. c3 Nc6 5. Nf3 Bg4 6. Be3 d5 7. Nbd2 exd4 8. cxd4 dxe4 9. Nxe4 Nxe4 10. Bxe4 Bb4+ 11.
Bd2 Bxd2+ 12. Qxd2 Bxf3 13. Bxf3 Nxd4 14. Bxb7 Rb8 15. Be4 O-O 16. O-O Nf3+ 0-1

[Event "*** Titled Tuesday Blitz"]
[Site "Chess.com"]
[Date "2019.02.05"]
[Round "3"]
[White "RoelandPruijssers"]
[Black "jerry_77"]
[Result "1-0"]
[WhiteElo "2469"]
[BlackElo "2423"]
[TimeControl "180+2"]
[EndTime "13:30:57 PST"]
[Termination "RoelandPruijssers won by resignation"]

1. d4 Nf6 2. c4 e6 3. Nf3 d5 4.
Nc3 Bb4 5. Qc2 O-O 6. a3 Be7 7. Bg5 h6 8. Bh4 a6 9. e3 dxc4 10. Bxc4 b5 11. Bd3 Bb7 12. e4 c5 13. dxc5 Bxc5 14.
e5 Bxf3 15. exf6 Qd4 16. fxg7 Kxg7 17. Be4 Bxe4 18. Nxe4 Nd7 19. Rd1 1-0

[Event "*** Titled Tuesday Blitz"]
[Site "Chess.com"]
[Date "2019.02.05"]
[Round "3"]
[White "Storne89"]
[Black "EugeneRougon"]
[Result "1-0"]
[WhiteElo "2581"]
[BlackElo "2566"]
[TimeControl "180+2"]
[EndTime "13:31:05 PST"]
[Termination "Storne89 won by checkmate"]

1. e4 d6 2. d4 Nf6 3. Nc3 g6 4. Bg5 Bg7 5. Qd2 a6 6. f4 b5 7.
Bd3 Bb7 8. a3 Nbd7 9. Nf3 c5 10.
d5 c4 11. Be2 Nc5 12. Qe3 Ng4 13. Qg1 h6 14. Bh4 Qa5 15. e5 dxe5 16. Qxc5 exf4 17. Qxe7# 1-0

[Event "*** Titled Tuesday Blitz"]
[Site "Chess.com"]
[Date "2019.02.05"]
[Round "3"]
[White "HElissalt"]
[Black "minnesotachessmaster"]
[Result "1/2-1/2"]
[WhiteElo "2073"]
[BlackElo "2010"]
[TimeControl "180+2"]
[EndTime "13:31:08 PST"]
[Termination "Game drawn by agreement"]

1. d4 Nf6 2. c4 e6 3. Nc3 Bb4 4. e3 O-O 5. Ne2 c5 6. g3 cxd4 7. exd4 d5 8. cxd5 Nxd5 9. Bg2 Nc6 10. O-O Nxc3 11. bxc3 Be7 12. c4 Na5 13. c5 Bd7 14. Nc3 Bc6 15. Ne4 b6 16. cxb6 axb6 17. Be3 Bd5 1/2-1/2

[Event "*** Titled Tuesday Blitz"]
[Site "Chess.com"]
[Date "2019.02.05"]
[Round "3"]
[White "KhalilMousavi77"]
[Black "kintoho"]
[Result "1-0"]
[WhiteElo "2741"]
[BlackElo "2482"]
[TimeControl "180+2"]
[EndTime "13:31:16 PST"]
[Termination "KhalilMousavi77 won by resignation"]

1. d4 g6 2. Nc3 Bg7 3. e4 c6 4. Nf3 d5 5. e5 Nh6 6. h4 Bg4 7.
Be2 c5 8. dxc5 Nc6 9. Qxd5 Qxd5 10. Nxd5 O-O-O 11. Nc3 Bxf3 12. Bxf3 Nxe5 13. Be2 Nf5 14. Bf4 Rd4 15. g3 Rhd8 16. O-O Nc4 17. Nb5 Rxf4 18. gxf4 Nxb2 19. Nxa7+ Kb8 20. Nb5 Rd2 21. Bg4 Nxh4 22. Rae1 f5 23. Rxe7 Bf6 24. Re8+ Rd8 25. Rxd8+ Bxd8 26. Be2 Kc8 27. Rb1 Na4 28. Nd6+ Kd7 29. Bb5+ 1-0

[Event "*** Titled Tuesday Blitz"]
[Site "Chess.com"]
[Date "2019.02.05"]
[Round "3"]
[White "mjray79"]
[Black "wanyaland"]
[Result "0-1"]
[WhiteElo "2072"]
[BlackElo "2085"]
[TimeControl "180+2"]
[EndTime "13:31:16 PST"]
[Termination "wanyaland won by resignation"]

1. d4 d5 2. Nf3 c6 3. c4 Nf6 4.
Nc3 e6 5. Bg5 dxc4 6. e4 b5 7.
e5 h6 8. Bh4 g5 9. Bg3 Nd5 10. Nd2 Be7 11. Nde4 a6 12. Be2 Nd7 13. Bh5 c5 14. Qf3 O-O 15. Rd1 Bb7 16. O-O cxd4 17. Rxd4 Qb6 18. Rfd1 Nc5 19. Nf6+ Nxf6 20. exf6 Bxf3 21. fxe7 Bxh5 22. exf8=Q+ Rxf8 23. Rd6 Qa5 24. R1d2 b4 25. Nb1 Qxa2 26. h3 Qxb1+ 27. Kh2 Ne4 0-1

[Event "*** Titled Tuesday Blitz"]
[Site "Chess.com"]
[Date "2019.02.05"]
[Round "3"]
[White "fm_magua"]
[Black "Ar4uha"]
[Result "1-0"]
[WhiteElo "2406"]
[BlackElo "2505"]
[TimeControl "180+2"]
[EndTime "13:31:32 PST"]
[Termination "fm_magua won by resignation"]

1. e4 e5 2. Nf3 Nc6 3. Bb5 a6 4.
Ba4 d6 5. O-O Bd7 6. c3 g5 7. d4 g4 8. Ne1 h5 9. Nd3 Bg7 10. Bxc6 Bxc6 11. d5 Bd7 12. f4 exf4 13. Bxf4 Qe7 14. e5 dxe5 15. Bxe5 Bxe5 16. Nxe5 O-O-O 17. Nxf7 Nf6 18. Nxh8 Rxh8 19. Qd4 Rh6 20. Nd2 h4 21.
Rae1 Qd6 22. Nc4 Qxd5 23. Qxd5 Nxd5 24. Rf8+ Be8 25. Rexe8+ Kd7 26. Ne5+ 1-0

[Event "*** Titled Tuesday Blitz"]
[Site "Chess.com"]
[Date "2019.02.05"]
[Round "3"]
[White "Maikrosoft63"]
[Black "GMBenjaminBok"]
[Result "0-1"]
[WhiteElo "2566"]
[BlackElo "2855"]
[TimeControl "180+2"]
[EndTime "13:31:32 PST"]
[Termination "GMBenjaminBok won by resignation"]

1. e4 c5 2. Nf3 d6 3. d4 cxd4 4. Nxd4 Nf6 5. Nc3 a6 6. Be3 e5 7. Nb3 Be6 8. Qd2 Be7 9. O-O-O Nbd7 10. f4 b5 11. f5 Bc4 12. Kb1 Qc7 13. g4 b4 14. Nd5 Nxd5 15. exd5 a5 16. g5 a4 17. Nc1 b3 18. cxb3 axb3 19. a3 Bxd5 20. Bg2 Qc2+ 21. Ka1 Rxa3+ 0-1

[Event "*** Titled Tuesday Blitz"]
[Site "Chess.com"]
[Date "2019.02.05"]
[Round "3"]
[White "IMRosen"]
[Black "Marcus_Harvey"]
[Result "1-0"]
[WhiteElo "2511"]
[BlackElo "2707"]
[TimeControl "180+2"]
[EndTime "13:31:52 PST"]
[Termination "IMRosen won by resignation"]

1. d4 e6 2. Bf4 Nf6 3. e3 c5 4. Nf3 Qb6 5. Na3 d5 6. Nb5 Na6 7. a4 Be7 8. c3 c4 9. b3 cxb3 10. Qxb3 O-O 11. Bd3 Bd7 12. O-O Rfc8 13. Ne5 Be8 14.
Rfc1 Nc7 15. a5 Nxb5 16. axb6 a6 17. h3 Bd8 18. c4 Nd6 19. c5 Nb5 20. Bg5 Bc6 21.
Nxc6 1-0

[Event "*** Titled Tuesday Blitz"]
[Site "Chess.com"]
[Date "2019.02.05"]
[Round "3"]
[White "Th3ChessViking"]
[Black "GHANDEEVAM2003"]
[Result "1/2-1/2"]
[WhiteElo "2466"]
[BlackElo "2850"]
[TimeControl "180+2"]
[EndTime "13:31:59 PST"]
[Termination "Game drawn by agreement"]

1. c4 Nf6 2. g3 g6 3. Bg2 Bg7 4. Nc3 O-O 5. Nf3 d6 6. O-O Nc6 7. Rb1 e5 8. d3 a5 9. a3 Re8 10. Bg5 h6 11. Bxf6 Bxf6 12. b4 axb4 13. axb4 Nd4 14.
Nxd4 exd4 15. Nd5 Bg7 16. b5 Ra2 17. Re1 Bg4 18. Bf3 Bd7 19. Ra1 Rxa1 20. Qxa1 c6 21.
bxc6 bxc6 22. Nb4 Qc7 23. Qa6 Rc8 24. Ra1 Bf8 25. Qa7 d5 26. Qxc7 Rxc7 27. Ra8 dxc4 28. dxc4 Kg7 29. Nd3 Bh3 30. Bg2 Be6 31. c5 Bf5 32. Bf3 Bxd3 33. exd3 Bxc5 34. Ra6 Bb4 35. Rxc6 Rxc6 36. Bxc6 Kf6 37. Kg2 Ke5 1/2-1/2

[Event "*** Titled Tuesday Blitz"]
[Site "Chess.com"]
[Date "2019.02.05"]
[Round "3"]
[White "Rakesh"]
[Black "JulianProleiko"]
[Result "1-0"]
[WhiteElo "2311"]
[BlackElo "2433"]
[TimeControl "180+2"]
[EndTime "13:32:05 PST"]
[Termination "Rakesh won by resignation"]

1. e4 c6 2. c4 d5 3. cxd5 cxd5 4.
exd5 Nf6 5. Qa4+ Nbd7 6. Nc3 a6 7. Nf3 Rb8 8. d4 b5 9. Qc2 Bb7 10. Bf4 Rc8 11. Qb3 Nb6 12. Nxb5 axb5 13. Bxb5+ Nfd7 14. d6 Bxf3 15. Qxf3 exd6 16. O-O Be7 17. a4 O-O 18. a5 Na8 19. b4 Nf6 20. Bd3 d5 21. b5 Nc7 22. b6 Ne6 23. b7 Rb8 24. Bxb8 Qxb8 25.
a6 Qa7 26. Rfb1 Rb8 27. Qg3 Nxd4 28. Qxb8+ Qxb8 29. a7 Qf4 30. b8=Q+ 1-0

[Event "*** Titled Tuesday Blitz"]
[Site "Chess.com"]
[Date "2019.02.05"]
[Round "3"]
[White "Godzillator"]
[Black "Frolik67"]
[Result "0-1"]
[WhiteElo "2394"]
[BlackElo "2538"]
[TimeControl "180+2"]
[EndTime "13:32:07 PST"]
[Termination "Frolik67 won by resignation"]

1. d4 e6 2. c4 d5 3. cxd5 exd5 4. Nc3 Nf6 5. Bg5 Be7 6. e3 O-O 7. Bd3 c6 8. Qc2 h6 9. Bh4 Re8 10. Nf3 Nbd7 11. O-O Ne4 12. Bxe4 Bxh4 13. Bh7+ Kh8 14.
Bd3 Bf6 15. b4 Nf8 16. b5 Bg4 17. Nd2 Qd6 18. bxc6 bxc6 19. Bf5 Bh5 20. Na4 Ne6 21. Rfc1 Bxd4 22. exd4 Nxd4 23. Qd3 Ne2+ 24. Kh1 Nxc1 25. Rxc1 Be2 26. Qc3 Bb5 27. Nc5 Qf4 28. Bd3 Qxf2 29.
Bxb5 cxb5 30. Nf3 Rac8 31. Nd4 Rxc5 0-1

[Event "*** Titled Tuesday Blitz"]
[Site "Chess.com"]
[Date "2019.02.05"]
[Round "3"]
[White "Witik"]
[Black "Manukyan_Artak"]
[Result "1-0"]
[WhiteElo "2615"]
[BlackElo "2353"]
[TimeControl "180+2"]
[EndTime "13:32:12 PST"]
[Termination "Witik won by resignation"]

1. d4 c6 2. c4 d5 3. Nc3 Nf6 4. e3 e6 5. Nf3 Nbd7 6. Bd3 Bd6 7. O-O O-O 8. e4 dxe4 9. Nxe4 Nxe4 10. Bxe4 Nf6 11. Bc2 c5 12. Qd3 cxd4 13. Bg5 g6 14. Qxd4 Be7 15. Qh4 h6 16. Qxh6 Ng4 17. Qh4 Bxg5 18.
Nxg5 Nf6 19. Qh6 Qe7 20. Rfe1 Rd8 21. Re3 Qf8 22. Qh4 Qg7 23. Rg3 Nh5 24. Nxf7 Nxg3 25.
Qxd8+ Kxf7 26. fxg3 Qxb2 27. Rf1+ Kg7 28. Qf8+ Kh7 29.
Rf7+ 1-0

[Event "*** Titled Tuesday Blitz"]
[Site "Chess.com"]
[Date "2019.02.05"]
[Round "3"]
[White "regular_legs"]
[Black "JosefineHeinemann"]
[Result "1-0"]
[WhiteElo "2490"]
[BlackElo "2413"]
[TimeControl "180+2"]
[EndTime "13:32:18 PST"]
[Termination "regular_legs won by checkmate"]

1. d4 Nf6 2. c4 g6 3. Nc3 d5 4. Nf3 Bg7 5. h4 c6 6. Bg5 dxc4 7. e4 b5 8. e5 Nd5 9. h5 Bg4 10.
h6 Bf8 11. Be2 f6 12. Bd2 Kf7 13. Ng5+ fxg5 14. Bxg4 Nf4 15. Qf3 Qxd4 16. O-O-O Qxe5 17. g3 Qf6 18. gxf4 gxf4 19. Ne4 e5 20. Nxf6 Kxf6 21. Bxf4 exf4 22. Qxf4+ Ke7 23. Rhe1# 1-0

[Event "*** Titled Tuesday Blitz"]
[Site "Chess.com"]
[Date "2019.02.05"]
[Round "3"]
[White "Elshan1985"]
[Black "indfraeng"]
[Result "1-0"]
[WhiteElo "2765"]
[BlackElo "1983"]
[TimeControl "180+2"]
[EndTime "13:32:33 PST"]
[Termination "Elshan1985 won by checkmate"]

1. Nf3 Nf6 2. c4 c5 3. Nc3 d5 4. cxd5 Nxd5 5. e3 Nc6 6. Bb5 Nc7 7. Bxc6+ bxc6 8. Qa4 Bb7 9. O-O g6 10. b3 Bg7 11. Ba3 Ne6 12. Rac1 O-O 13. Ne4 Qb6 14. Nxc5 Nxc5 15. Bxc5 Qb5 16. Qxb5 cxb5 17. Bxe7 Rfe8 18. Bc5 Bxf3 19. gxf3 Red8 20. d4 Rac8 21. Bxa7 Ra8 22. Bb6 Rdb8 23. Bc7 Rc8 24. Rc2 Ra7 25. Rfc1 Bf8 26.
Be5 Rca8 27. Ra1 Be7 28. d5 Rd7 29. e4 Rda7 30. a4 bxa4 31. Rxa4 Rxa4 32. bxa4 f6 33. d6 fxe5 34. dxe7 Kf7 35. Ra2 Kxe7 36. a5 Ra6 37. Kg2 Kd6 38. Kg3 h6 39. f4 Ke6 40. Kg4 Kf6 41. h4 exf4 42. Kxf4 g5+ 43. hxg5+ hxg5+ 44. Kg4 Ke5 45. f3 Kf6 46. Ra4 Kg6 47. e5 Kf7 48. Kxg5 Ke6 49. f4 Ra8 50. a6 Rg8+ 51. Kh4 Kf5 52. a7 Ra8 53. Kg3 Rg8+ 54. Kf3 Ra8 55.
Ra6 Rb8 56. Rf6# 1-0

[Event "*** Titled Tuesday Blitz"]
[Site "Chess.com"]
[Date "2019.02.05"]
[Round "3"]
[White "albi1999"]
[Black "GM_shahin"]
[Result "0-1"]
[WhiteElo "2490"]
[BlackElo "2735"]
[TimeControl "180+2"]
[EndTime "13:32:47 PST"]
[Termination "GM_shahin won by resignation"]

1. d4 Nf6 2. c4 e6 3. g3 d5 4.
Nf3 Bb4+ 5. Bd2 a5 6. Qc2 O-O 7.
Bg2 Nbd7 8. O-O Be7 9. Rd1 dxc4 10. Qxc4 b6 11. Ng5 Ba6 12. Qc2 h6 13. Ne4 Bxe2 14. Re1 Ba6 15. Nxf6+ Nxf6 16. Bxa8 Qxa8 17. Nc3 Rd8 18. Bf4 Bb7 19. Bxc7 Rc8 20. Bxb6 Bh1 21. d5 Nxd5 22. Kxh1 Nxc3+ 23. Kg1 Nd5 24. Qb3 Rb8 25. Rad1 Rxb6 26. Qc4 Rc6 27. Qa4 Bc5 28. Rc1 Qc8 29. Kg2 Qb7 30. Qxa5 Rd6 31. Kg1 Bb4 0-1